Map: [ESL] Data-C

Players

Dark

  • Race: Zerg Zerg
  • Spawn Location: 3:00

LiquidClem (Clem) - Winner!

  • Race: Terran Terran
  • League: Master
  • Spawn Location: 9:00

VOD

Have the link to the VOD?

Description

Time

  • Played on: Nov. 6, 2022, 7:36 a.m.
  • Length: 14:34
Show
View Real Time Build Order
Export as new Build Order

Dark Zerg 

Build Orders: Hatch First 

Get SALT Encoding   

  12  0:00  Drone  
  13  0:12  Overlord  
  13  0:17  Drone  
  14  0:30  Drone x2  
  16  0:49  Hatchery  
  15  0:52  Drone  
  15  0:55  Drone  
  17  0:59  Drone  
  18  1:09  Extractor  
  17  1:15  Spawning Pool  
  17  1:17  Drone  
  17  1:21  Drone  
  18  1:28  Drone  
  19  1:39  Drone  
  20  1:50  Drone  
  21  2:01  Queen x2  
  21  2:04  Zergling x4  
  27  2:12  Overlord  
  27  2:14  Drone  
  28  2:23  Hatchery  
  28  2:28  Drone  
  28  2:31  Drone  
  28  2:34  Drone x2  
  30  2:40  Queen  
  32  2:48  Overlord  
  32  2:50  Metabolic Boost  
  32  2:55  Drone x2  
  34  3:01  Drone  
  35  3:06  Queen  
  35  3:08  Drone x2  
  35  3:12  Drone x2  
  41  3:18  Queen  
  43  3:27  Overlord  
  43  3:29  Overlord  
  43  3:34  Queen  
  43  3:35  Drone  
  43  3:36  Drone  
  47  3:41  Drone x2  
  47  3:47  Queen  
  51  3:50  Drone x4  
  51  3:54  Drone x3  
  58  4:00  Drone  
  58  4:01  Drone x2, Extractor  
  58  4:02  Drone  
  61  4:06  Queen  
  63  4:11  Overlord  
  63  4:21  Overlord  
  63  4:23  Zergling x4  
  65  4:30  Zergling x4  
  67  4:31  Drone x4  
  67  4:35  Lair, Overlord  
  67  4:36  Drone  
  67  4:37  Drone  
  73  4:42  Overlord  
  73  4:44  Overlord  
  73  4:50  Overlord  
  73  4:53  Drone x5  
  73  4:54  Drone  
  73  4:55  Baneling Nest  
  73  4:59  Drone x3  
  81  5:00  Extractor x3  
  81  5:03  Drone x2  
  80  5:07  Queen  
  80  5:12  Evolution Chamber  
  81  5:15  Evolution Chamber  
  81  5:16  Hatchery  
  81  5:17  Spore Crawler, Drone  
  79  5:22  Drone  
  79  5:23  Spore Crawler, Drone x2  
  81  5:30  Zergling x12  
  81  5:31  Zergling x2  
  81  5:32  Zergling x2  
  83  5:43  Zergling x2  
  83  5:44  Zergling x10  
  85  5:51  Baneling x14  
  85  5:53  Zergling x2  
  85  5:55  Zergling x2, Baneling x2  
  82  5:59  Zergling x4  
  82  6:01  Zergling x4  
  83  6:04  Zergling x2  
  83  6:05  Baneling x2  
  81  6:13  Zergling x6  
  81  6:16  Drone  
  81  6:17  Queen  
  77  6:25  Drone x2  
  78  6:28  Drone  
  79  6:33  Drone  
  79  6:35  Drone  
  79  6:37  Drone  
  80  6:42  Drone  
  80  6:43  Drone  
  82  6:50  Queen, Drone x4  
  88  6:55  Hatchery x2, Zerg Melee Weapons Level 1  
  88  6:57  Zerg Ground Armor Level 1  
  88  7:00  Drone x2  
  88  7:06  Centrifugal Hooks  
  88  7:11  Infestation Pit, Drone x2  
  88  7:13  Baneling x2  
  88  7:14  Baneling  
  88  7:15  Baneling  
  89  7:19  Zergling x16  
  89  7:21  Baneling  
  89  7:22  Baneling, Drone x2  
  99  7:23  Zergling x4  
  99  7:24  Zergling x2  
  99  7:26  Baneling x4  
  102  7:32  Zergling x10  
  102  7:36  Queen  
  109  7:38  Overlord  
  109  7:39  Overlord x2  
  109  7:42  Zergling x6  
  112  7:51  Overlord x3  
  112  7:53  Overlord  
  112  7:55  Hive  
  112  7:58  Zergling x10  
  117  8:01  Zergling x8  
  117  8:05  Drone x2  
  123  8:07  Zergling x4  
  123  8:09  Zergling x6  
  123  8:11  Overseer, Burrow  
  128  8:15  Baneling  
  128  8:16  Zergling x4  
  130  8:25  Zergling x16  
  130  8:30  Zergling x2  
  130  8:31  Zergling x12  
  130  8:33  Zergling x8  
  141  8:45  Zergling x2  
  141  8:46  Zergling x16  
  141  8:52  Zergling x2  
  141  8:53  Zergling x10  
  144  8:55  Zergling x2  
  144  8:56  Zergling x2, Baneling  
  144  8:57  Baneling x8  
  145  9:07  Zergling x2  
  145  9:08  Zergling x26  
  146  9:12  Zergling x4  
  146  9:15  Zergling x4  
  140  9:21  Zergling x6  
  126  9:27  Zergling x2  
  126  9:28  Zergling x8, Baneling x3  
  126  9:29  Baneling  
  126  9:31  Zergling x2  
  133  9:35  Drone  
  133  9:36  Baneling x3  
  133  9:37  Spore Crawler  
  129  9:40  Zerg Melee Weapons Level 2  
  129  9:42  Zerg Ground Armor Level 2  
  129  9:43  Viper x2, Adrenal Glands  
  129  9:45  Overseer  
  127  9:47  Zergling x10  
  127  9:50  Baneling x3  
  132  9:55  Zergling x10  
  132  9:58  Drone  
  136  10:01  Zergling x6  
  136  10:05  Baneling x2  
  139  10:07  Ultralisk Cavern  
  137  10:16  Zergling x10  
  137  10:18  Zergling x2  
  134  10:21  Overseer  
  134  10:23  Baneling x4  
  134  10:25  Zergling x20  
  138  10:29  Baneling x2  
  138  10:30  Zergling x4  
  140  10:36  Zergling x14  
  140  10:40  Zergling x2  
  148  10:43  Baneling x6  
  148  10:48  Zergling x10  
  121  11:02  Zergling x6  
  121  11:03  Zergling x14  
  110  11:04  Drone x2  
  110  11:07  Drone  
  109  11:13  Chitinous Plating  
  109  11:17  Ultralisk x2  
  121  11:19  Drone x3  
  121  11:24  Baneling x2  
  124  11:26  Drone x2  
  124  11:27  Drone x2  
  124  11:30  Zergling x4  
  130  11:34  Pneumatized Carapace  
  130  11:35  Zergling x2  
  130  11:39  Zergling x8  
  135  11:43  Zergling x2  
  135  11:44  Zergling x4  
  135  11:45  Baneling x3  
  138  11:50  Zergling x8  
  142  12:00  Zergling x6, Hatchery  
  145  12:01  Zergling x2  
  145  12:02  Zergling x2  
  145  12:04  Baneling  
  145  12:05  Zergling x4  
  145  12:08  Zergling x6  
  146  12:17  Zergling x16  
  146  12:19  Zergling x4  
  153  12:29  Zergling x2  
  138  12:30  Zergling x10  
  138  12:34  Zergling x8  
  118  12:48  Zergling x14  
  110  12:55  Zergling x10  
  107  13:00  Overseer x3  
  107  13:01  Zergling x2  
  107  13:02  Zergling x4  
  107  13:04  Ultralisk x2  
  121  13:06  Drone  
  119  13:13  Zergling x4  
  119  13:16  Anabolic Synthesis  
  119  13:17  Drone x5  
  125  13:24  Baneling x8  
  125  13:25  Zergling x6  
  128  13:29  Zergling x8  
  128  13:30  Baneling  
  128  13:31  Zergling x2  
  133  13:35  Drone  
  133  13:36  Drone x3  
  135  13:46  Zergling x16  
  118  13:49  Zergling x4  
  118  13:50  Zergling x2  
  116  14:02  Zergling x16  
  121  14:07  Zergling x8  
Show
View Real Time Build Order
Export as new Build Order

LiquidClem Terran - Winner!

Build Orders: Reaper Expand 

Get SALT Encoding   

  12  0:00  SCV  
  13  0:12  SCV  
  14  0:16  Supply Depot  
  14  0:24  SCV  
  15  0:38  SCV  
  15  0:39  Barracks  
  16  0:43  Refinery  
  16  0:50  SCV  
  17  1:02  SCV  
  18  1:14  SCV  
  19  1:26  Reaper  
  19  1:27  Orbital Command  
  20  1:40  Command Center  
  20  1:47  Supply Depot  
  20  1:53  SCV  
  21  1:58  Marine  
  22  2:05  SCV  
  23  2:11  Factory  
  23  2:17  SCV  
  23  2:21  Barracks Reactor  
  24  2:29  SCV  
  25  2:40  Command Center  
  25  2:43  SCV  
  26  2:54  Orbital Command  
  26  2:55  SCV  
  27  3:00  Starport  
  27  3:04  Refinery  
  27  3:08  SCV  
  27  3:11  Hellion  
  30  3:16  Hellion  
  30  3:19  SCV  
  33  3:20  SCV  
  33  3:25  Barracks Tech Lab  
  34  3:32  SCV  
  34  3:33  SCV  
  38  3:34  Hellion  
  38  3:37  Hellion  
  40  3:41  Viking  
  40  3:44  SCV  
  40  3:45  SCV  
  44  3:51  Orbital Command  
  44  3:55  Marauder  
  46  3:56  SCV  
  46  3:59  SCV  
  46  4:00  Hellion  
  52  4:03  Hellion  
  52  4:07  Supply Depot  
  52  4:09  SCV  
  53  4:11  SCV  
  53  4:13  Concussive Shells  
  53  4:15  Medivac  
  56  4:18  Marauder  
  56  4:22  SCV  
  59  4:25  Hellion  
  59  4:29  Hellion  
  59  4:31  Armory  
  63  4:34  Supply Depot, SCV  
  63  4:36  SCV  
  63  4:38  SCV  
  66  4:47  SCV, Hellion  
  69  4:54  Orbital Command  
  69  4:56  SCV, Hellion  
  69  4:59  Supply Depot, SCV  
  73  5:02  Stimpack  
  73  5:04  Refinery  
  73  5:05  Barracks  
  73  5:06  Barracks  
  73  5:08  SCV  
  73  5:11  SCV, Hellion  
  73  5:12  Starport Reactor  
  77  5:19  Supply Depot  
  77  5:20  SCV, Marine, Hellion  
  81  5:22  SCV  
  81  5:23  SCV  
  81  5:32  SCV  
  81  5:35  Barracks x2  
  82  5:36  SCV  
  82  5:38  Marine  
  82  5:42  Hellion x2  
  86  5:45  SCV  
  86  5:48  Supply Depot, SCV  
  88  5:50  Engineering Bay  
  88  5:53  Engineering Bay  
  88  5:54  Barracks Reactor x2  
  88  5:55  Marine  
  88  5:56  SCV  
  90  5:57  SCV  
  90  6:03  SCV  
  92  6:07  Supply Depot  
  92  6:10  Hellion x2  
  91  6:13  SCV, Marine  
  91  6:18  SCV  
  73  6:21  SCV  
  73  6:25  Refinery  
  68  6:27  Supply Depot, Terran Infantry Armor Level 1, Terran Infantry Weapons Level 1, Starport Reactor  
  68  6:31  Marine x5  
  73  6:33  SCV  
  73  6:34  Barracks Reactor  
  73  6:35  SCV x2  
  73  6:38  Marine x2  
  73  6:39  Factory Reactor  
  77  6:41  Supply Depot  
  77  6:42  Medivac x2  
  77  6:45  SCV  
  81  6:47  SCV x2  
  81  6:49  Marine x4  
  81  6:52  Supply Depot  
  87  6:54  Supply Depot, Marine  
  87  6:55  Combat Shield  
  87  6:56  Marine x2  
  90  7:01  Refinery  
  90  7:04  Command Center  
  90  7:06  Marine  
  90  7:07  Factory  
  91  7:09  Marine x2  
  91  7:10  Marine x2  
  91  7:12  Supply Depot, Marine  
  91  7:14  Marine  
  97  7:18  Widow Mine x2  
  101  7:24  Medivac  
  101  7:25  Supply Depot, Marine x3  
  101  7:27  Marine x3  
  101  7:28  Marine  
  110  7:32  SCV x3  
  110  7:34  Marine x2  
  110  7:36  Medivac  
  117  7:43  Marine  
  118  7:46  Marine  
  118  7:48  Marine x5  
  118  7:50  Widow Mine x2  
  128  7:51  Marine  
  128  7:52  Marine  
  128  7:54  Terran Vehicle And Ship Armor Level 1  
  128  7:55  Supply Depot  
  128  7:56  Supply Depot  
  130  7:58  Factory Tech Lab  
  130  8:00  Refinery  
  130  8:01  Marine  
  130  8:02  Medivac  
  130  8:04  Marine  
  134  8:05  Marine x2  
  134  8:06  Marine x2  
  134  8:09  Marine x2  
  134  8:10  Marine  
  141  8:14  Widow Mine x2  
  141  8:15  Medivac  
  141  8:16  Supply Depot  
  141  8:18  Drilling Claws  
  141  8:19  Widow Mine, Marine  
  150  8:22  Marine  
  150  8:23  Marine x2  
  150  8:25  SCV  
  150  8:26  SCV x2  
  150  8:27  Marine  
  150  8:29  Sensor Tower  
  150  8:32  Marine  
  150  8:33  Medivac  
  152  8:35  Widow Mine  
  152  8:37  Marine  
  152  8:38  SCV, Marine x3  
  152  8:39  Marine  
  160  8:41  Marine x2  
  160  8:42  Widow Mine  
  160  8:45  Marine  
  160  8:53  Medivac  
  160  8:54  Widow Mine, Marine  
  161  8:55  Marine  
  162  9:04  Medivac  
  162  9:06  SCV x2  
  162  9:07  Orbital Command  
  162  9:08  Marine x2  
  162  9:09  Marine  
  157  9:11  SCV  
  157  9:12  SCV  
  157  9:14  Widow Mine  
  143  9:18  SCV  
  114  9:24  SCV x2  
  114  9:25  Marine x3  
  114  9:26  Widow Mine x2  
  114  9:27  Marine x6  
  114  9:30  SCV  
  124  9:35  Widow Mine  
  112  9:39  SCV  
  112  9:40  SCV  
  112  9:42  Marine  
  112  9:43  Terran Infantry Weapons Level 2, Marine x2  
  112  9:44  Marine  
  112  9:45  Marine x5  
  123  9:48  Widow Mine x2  
  123  9:49  Terran Infantry Armor Level 2  
  123  9:50  SCV  
  123  9:52  SCV  
  129  9:55  SCV  
  129  9:56  Widow Mine  
  132  10:00  Marine  
  132  10:01  Marine x2  
  132  10:02  Marine x4  
  132  10:03  SCV, Marine x2  
  132  10:04  Planetary Fortress  
  140  10:09  Widow Mine x2  
  140  10:12  SCV x2  
  145  10:15  SCV  
  145  10:18  Marine x2  
  145  10:19  Marine  
  145  10:20  Marine x3  
  152  10:23  Supply Depot x2  
  152  10:24  SCV  
  152  10:25  Supply Depot, Widow Mine, Marine  
  152  10:26  Supply Depot  
  156  10:29  Barracks  
  156  10:30  Barracks  
  156  10:32  SCV x2, Barracks  
  158  10:37  SCV, Widow Mine  
  158  10:39  Terran Vehicle And Ship Armor Level 2  
  158  10:40  Supply Depot, SCV  
  158  10:43  Widow Mine  
  158  10:44  Marine  
  158  10:46  Marine  
  162  10:53  Widow Mine, Marine x5  
  169  10:58  Widow Mine  
  169  11:03  Medivac x2  
  136  11:04  Widow Mine, Marine x3  
  136  11:05  Marine  
  131  11:11  Marine  
  131  11:15  Widow Mine  
  131  11:16  Barracks Tech Lab, Marine x4  
  131  11:17  Barracks Tech Lab  
  134  11:20  Widow Mine  
  134  11:25  Command Center  
  134  11:26  SCV, Widow Mine  
  134  11:28  Barracks Tech Lab  
  134  11:31  Marine x2  
  139  11:33  SCV  
  139  11:34  Sensor Tower  
  139  11:36  Widow Mine, Marauder x3, Marine x2  
  150  11:41  Widow Mine  
  150  11:42  Medivac  
  150  11:43  Medivac  
  150  11:44  Marine  
  157  11:48  Widow Mine  
  157  11:50  Marine  
  157  11:51  Marauder, Marine x2  
  157  11:52  Marine x2  
  166  11:57  Marauder  
  166  11:58  Marauder x2  
  172  12:01  Refinery x2  
  172  12:03  Widow Mine, Marine  
  175  12:12  Marauder  
  174  12:17  Widow Mine  
  174  12:19  Widow Mine, Marauder x3  
  177  12:27  Medivac  
  177  12:29  Widow Mine  
  173  12:30  Marine x8  
  173  12:33  Marauder  
  173  12:36  Orbital Command  
  173  12:38  Widow Mine  
  173  12:39  Ghost Academy  
  173  12:40  Marauder x2, Marine  
  173  12:42  Widow Mine  
  166  12:47  Marine  
  166  12:48  Marine x2  
  164  12:55  Widow Mine, Marauder  
  155  12:58  Marauder  
  155  13:02  Marauder x2  
  158  13:06  Widow Mine  
  158  13:12  Widow Mine  
  162  13:16  Widow Mine, Marauder  
  164  13:20  Marauder  
  164  13:21  Marine x5  
  164  13:22  Ghost x2  
  164  13:23  Marine x2  
  164  13:25  SCV  
  164  13:26  SCV x2  
  172  13:28  Widow Mine  
  172  13:33  Medivac  
  176  13:35  Widow Mine  
  176  13:37  Widow Mine  
  180  13:47  Marine  
  180  13:48  SCV x4  
  173  13:49  Medivac, Widow Mine  
  173  13:52  Marine x3  
  173  13:55  Marine x2  
  182  13:57  Widow Mine  
  182  14:02  Widow Mine  
  180  14:08  Marauder  
  170  14:11  Widow Mine  
Tags
 
Add a new tag
Caveats
  • Supply blocks, unpowered buildings, or Contaminate may cause inaccurate times.
  • Supply counts are checked every 10 seconds.